Map: 赛博森林-天梯版

Players

Serral

  • Race: Zerg Zerg

Neeb - Winner!

  • Race: Protoss Protoss

Event: WESG 2018 Grand Finals

VOD

Have the link to the VOD?

Description

Time

  • Played on: March 11, 2019, 12:24 a.m.
  • Length: 8:38

All games in this series

Show
View Real Time Build Order
Export as new Build Order

Serral Zerg 

Build Orders: Hatch First, Swarm Host 

Get SALT Encoding   

  12  0:02  Drone  
  13  0:12  Overlord  
  13  0:16  Drone  
  14  0:31  Drone x2  
  16  0:47  Drone  
  17  0:55  Hatchery, Drone  
  17  0:58  Drone  
  18  1:09  Extractor  
  17  1:13  Spawning Pool  
  17  1:16  Drone  
  17  1:21  Drone  
  18  1:28  Drone  
  20  1:40  Drone  
  20  1:49  Overlord  
  20  1:59  Queen  
  22  2:07  Queen  
  24  2:09  Metabolic Boost, Zergling x4  
  24  2:12  Drone  
  27  2:17  Drone  
  28  2:24  Drone  
  29  2:35  Hatchery  
  29  2:37  Drone  
  29  2:45  Queen  
  31  2:51  Overlord  
  31  2:53  Zergling x2  
  31  2:55  Zergling x2  
  31  2:57  Zergling x2  
  34  3:00  Zergling x2  
  34  3:03  Drone  
  36  3:11  Drone  
  37  3:16  Drone  
  37  3:17  Drone x3  
  38  3:23  Drone  
  38  3:27  Drone  
  38  3:34  Drone  
  38  3:38  Overlord  
  38  3:40  Lair  
  40  3:41  Drone  
  40  3:44  Drone  
  41  3:52  Roach Warren, Drone  
  41  3:55  Drone  
  41  3:56  Drone  
  41  3:58  Drone  
  41  4:00  Drone  
  44  4:05  Zergling x4  
  44  4:08  Drone x2  
  48  4:11  Overlord  
  48  4:14  Drone  
  48  4:16  Drone  
  50  4:20  Zergling x4, Extractor  
  51  4:26  Spore Crawler  
  51  4:29  Spore Crawler  
  49  4:34  Roach x4  
  57  4:39  Overseer  
  57  4:42  Overlord x2  
  57  4:45  Roach  
  60  4:50  Roach, Zergling x4, Extractor  
  64  4:54  Spore Crawler  
  64  4:55  Roach  
  64  4:59  Overlord x2  
  65  5:06  Overlord  
  65  5:07  Drone  
  65  5:09  Drone  
  65  5:10  Drone  
  68  5:15  Overseer  
  68  5:20  Glial Reconstitution  
  69  5:23  Queen  
  69  5:24  Overlord  
  71  5:31  Drone x5  
  71  5:35  Drone x2  
  76  5:37  Drone  
  76  5:40  Drone  
  76  5:42  Drone  
  73  5:45  Roach  
  73  5:51  Roach x2  
  73  5:53  Overseer  
  73  5:55  Drone  
  78  5:59  Drone  
  78  6:00  Infestation Pit  
  78  6:01  Drone  
  79  6:04  Drone x2  
  79  6:07  Drone x2  
  82  6:18  Extractor x2  
  82  6:22  Hatchery  
  79  6:30  Roach x2  
  79  6:31  Roach x2  
  87  6:37  Overlord  
  87  6:50  Swarm Host  
  87  6:51  Swarm Host x3  
  98  7:01  Swarm Host  
  98  7:06  Overlord x3  
  98  7:07  Overlord  
  101  7:14  Swarm Host x2  
  107  7:31  Overlord  
  107  7:34  Roach x8  
  123  7:44  Roach  
  125  7:48  Roach x2  
  125  7:49  Ravager  
  125  7:50  Ravager, Zergling x2  
  132  7:55  Ravager  
  132  7:58  Zergling x4  
  135  8:00  Ravager  
  135  8:01  Zergling x2  
  137  8:07  Roach  
  137  8:08  Roach  
  141  8:16  Roach x7  
Show
View Real Time Build Order
Export as new Build Order

Neeb Protoss - Winner!

Build Orders: 1 Gate Expand, Archon Immortal, Archon Drop, Dark Templar Rush 

Get SALT Encoding   

  12  0:00  Probe  
  13  0:12  Probe  
  14  0:21  Pylon  
  14  0:24  Probe  
  15  0:35  Probe  
  15  0:42  Gateway  
  16  0:43  Probe  
  17  0:52  Assimilator  
  17  0:53  Probe  
  18  1:05  Probe  
  19  1:17  Probe  
  20  1:29  Cybernetics Core  
  20  1:38  Nexus  
  20  1:40  Probe  
  21  1:47  Pylon  
  21  1:52  Probe  
  22  1:55  Assimilator  
  22  1:56  Adept  
  22  2:04  Probe  
  25  2:10  Warp Gate  
  25  2:16  Adept, Probe  
  26  2:28  Probe  
  29  2:31  Twilight Council  
  29  2:40  Probe  
  30  2:49  Stalker, Probe  
  32  2:52  Probe  
  34  2:59  Probe  
  34  3:01  Robotics Facility  
  34  3:04  Probe  
  36  3:09  Probe  
  37  3:17  Probe  
  38  3:21  Probe  
  39  3:27  Dark Shrine  
  39  3:29  Probe  
  39  3:33  Probe  
  37  3:42  Pylon, Probe, Gateway  
  37  3:45  Shield Battery  
  37  3:48  Gateway  
  38  3:54  Pylon, Warp Prism  
  38  3:55  Pylon  
  38  3:56  Gateway  
  38  3:58  Adept  
  38  3:59  Probe  
  38  4:00  Probe  
  42  4:09  Assimilator  
  44  4:11  Assimilator  
  44  4:13  Probe x2  
  46  4:18  Pylon  
  46  4:25  Probe  
  46  4:26  Probe  
  46  4:27  Pylon  
  48  4:37  Probe  
  48  4:38  Probe  
  50  4:45  Pylon  
  50  4:49  Dark Templar x3  
  50  4:51  Dark Templar  
  58  4:54  Probe x2  
  58  4:59  Observer  
  60  5:06  Probe  
  62  5:13  Nexus  
  62  5:16  Pylon  
  62  5:17  Archon  
  62  5:21  Archon  
  62  5:22  Dark Templar x2  
  62  5:28  Zealot x2  
  70  5:33  Immortal  
  69  5:38  Probe  
  74  5:46  Probe  
  75  5:54  Probe  
  76  6:02  Forge  
  76  6:04  Immortal  
  76  6:07  Pylon  
  76  6:09  Probe  
  77  6:14  Charge  
  77  6:17  Protoss Ground Weapons Level 1  
  81  6:21  Gateway  
  81  6:22  Gateway  
  81  6:23  Gateway  
  81  6:24  Sentry x3  
  81  6:25  Sentry  
  89  6:26  Probe, Gateway  
  90  6:36  Probe x2  
  90  6:39  Probe  
  93  6:42  Pylon, Archon  
  93  6:43  Immortal  
  93  6:49  Probe  
  93  6:50  Probe  
  99  7:00  Pylon  
  99  7:01  Probe  
  100  7:02  Pylon  
  100  7:13  Zealot, Immortal, Dark Templar  
  100  7:14  Zealot x2  
  108  7:22  Dark Templar  
  114  7:27  Zealot x3  
  114  7:28  Archon  
  120  7:47  Zealot x5  
  120  7:48  Zealot  
  120  7:51  Pylon  
  132  7:52  Pylon  
  132  7:53  Photon Cannon  
  132  7:54  Pylon  
  132  8:13  Dark Templar x4  
  132  8:15  Zealot x4  
  132  8:18  Archon x2  
Tags
 
Add a new tag
Caveats
  • Supply blocks, unpowered buildings, or Contaminate may cause inaccurate times.
  • Supply counts are checked every 10 seconds.